 Dungeon Crawl Stone Soup version 0.14-a0-2644-gcc8e764 (webtiles) character file.

418098 4tharraofdagon the Devastator (level 22, -1/129 HPs)
             Began as a High Elf Fire Elementalist on Feb 16, 2014.
             Was the Champion of Sif Muna.
             Slain by an ettin
             ... wielding a +1,+2 dire flail of crushing
              (33 damage)
             ... on Level 5 of the Depths.
             The game lasted 05:45:37 (25039 turns).

4tharraofdagon the Devastator (HEFE)               Turns: 25039, Time: 05:45:38

HP  -1/129       AC 20     Str 12      XL: 22   Next: 58%
MP   0/50        EV 12     Int 34      God: Sif Muna [******]
Gold 642         SH 10     Dex 22      Spells: 14 memorised,  4 levels left

rFire  + + .     SeeInvis .     y - +2,+1 trident "Boysk" {pierce, MR++ Int+3}
rCold  + + .     Clarity  .     w - +4 moon troll leather armour {Spirit, MP+5 Regen}
rNeg   . . .     Conserve +     n - -3 buckler of Rikyemn {rF+ Int+2 Acc-3 Dam-6}
rPois  +         rCorr    +     j - +1 hat "Qeicry" {Str+5 Dex+4 Int+1}
rElec  .         rRot     .     d - +2 orc cloak {rCorr, Cons}
SustAb . .       Spirit   +     G - +0 pair of dwarf gloves
rMut   .         Warding  .     z - +2 pair of boots of the Assassin {Stlth++}
Gourm  +         Stasis   .     q - amulet of the gourmand
MR     ++++.                    h - ring "Zohysoug" {Wiz Str+2 Stlth+}
                                H - ring of the Open Hand {rPois rF+ rC++}

@: burdened, repel missiles, studying Shields, very slightly contaminated, slow,
incredibly resistant to hostile enchantments, very stealthy
A: horns 1, talons 1, rough black scales 1, mutation resistance 1, weak 1, wild
magic 1
a: Channel Energy, Forget Spell, Renounce Religion
}: 2/15 runes: barnacled, silver


You were on level 5 of the Depths.
You worshipped Sif Muna.
Sif Muna was exalted by your worship.
You were encumbered.
You were not hungry.

You visited 9 branches of the dungeon, and saw 53 of its levels.
You also visited: Labyrinth, Sewer, Bailey and Wizlab.

You collected 5399 gold pieces.
You spent 4757 gold pieces at shops.

Inventory:

Hand weapons
 y - the +2,+1 trident "Boysk" (weapon) {pierce, MR++ Int+3}
   (You found it in a labyrinth)

   It inflicts extra damage upon your enemies.
   It affects your intelligence (+3).
   It affects your resistance to hostile enchantments.
Armour
 d - a +2 orcish cloak of preservation (worn)
 j - the +1 hat "Qeicry" (worn) {Str+5 Dex+4 Int+1}
   (You bought it in a shop on level 7 of the Dungeon)

   It affects your strength (+5).
   It affects your intelligence (+1).
   It affects your dexterity (+4).
 n - the -3 buckler of Rikyemn (worn) {rF+ Int+2 Acc-3 Dam-6}
   (You found it in a labyrinth)

   It affects your intelligence (+2).
   It affects your accuracy with ranged weapons and melee attacks (-3).
   It affects your damage with ranged weapons and melee attacks (-6).
   It protects you from fire.
 w - the +4 moon troll leather armour (worn) {Spirit, MP+5 Regen}
   (You found it in a labyrinth)

   It affects your magic capacity (+5).
   It increases your rate of regeneration.
 z - the +2 pair of boots of the Assassin (worn) {Stlth++}
   (You found it on level 3 of the Elven Halls)

   It makes you much more stealthy.
 G - a +0 pair of dwarven gloves (worn)
Magical devices
 g - a wand of disintegration (2)
 l - a wand of digging (13)
 v - a wand of teleportation (7)
 F - a wand of teleportation (6)
 I - a wand of teleportation (2)
Comestibles
 Q - 3 bread rations
Scrolls
 e - 8 scrolls of remove curse
 f - 4 scrolls of noise
 i - 11 scrolls of identify
 o - 3 scrolls of fog
 B - a scroll of vulnerability
 D - 3 scrolls of teleportation
 L - a scroll of enchant armour
 M - a scroll of magic mapping
Jewellery
 c - an uncursed ring of see invisible
 h - the ring "Zohysoug" (right hand) {Wiz Str+2 Stlth+}
   (You took it off a merfolk on level 5 of the Shoals)

   [ring of wizardry]

   It affects your strength (+2).
   It makes you much more stealthy.
 p - an uncursed ring of protection from cold
 q - an amulet of the gourmand (around neck)
 x - an uncursed ring of teleportation
 A - a +5 ring of intelligence
 H - the ring of the Open Hand (left hand) {rPois rF+ rC++}
   (You found it on level 5 of the Vaults)

   [ring of protection from fire]

   It greatly protects you from cold.
   It protects you from poison.
 S - an uncursed ring of fire
Potions
 b - a potion of cure mutation
 r - 2 potions of resistance
 t - 20 potions of curing
 C - 6 potions of heal wounds
 J - 4 potions of brilliance
 K - 2 potions of flight
 O - 4 potions of restore abilities
Books
 m - Sif Muna's Papyrus of Feathers
   (Sif Muna gifted it to you on level 16 of the Dungeon)

   Spells                             Type                      Level
   *Repel Missiles                    Charms/Air                   2
   Flight                             Charms/Air                   3
   Airstrike                          Air                          4
   Lightning Bolt                     Conjuration/Air              5
   Poisonous Cloud                    Conjuration/Poison/Air       6
 T - a Necronomicon

   Spells                             Type                      Level
   Haunt                              Necromancy/Summoning         7
   Borgnjor's Revivification          Necromancy                   8
   Death's Door                       Charms/Necromancy            8
   *Necromutation                     Transmutation/Necromancy     8
 W - a manual of Shields
Magical staves
 a - an uncursed staff of conjuration
 s - an uncursed staff of air
 u - an uncursed staff of wizardry
Miscellaneous
 k - a phial of floods
 E - a fan of gales
 R - an ornate deck of dungeons {Vitrification}


   Skills:
 - Level 5.1 Fighting
 - Level 2.1 Dodging
 - Level 2.1 Stealth
 - Level 5.8 Shields
 + Level 20.6 Spellcasting
 - Level 21.0 Conjurations
 - Level 5.1 Charms
 * Level 12.0 Necromancy
 - Level 8.9 Translocations
 * Level 11.3 Transmutations
 - Level 20.0 Fire Magic
 - Level 4.0 Air Magic
 - Level 8.0 Invocations


You had 4 spell levels left.
You knew the following spells:

 Your Spells              Type           Power        Failure   Level  Hunger
a - Regeneration          Chrm/Necr      #######...   1%          3    None
b - Necromutation         Trmt/Necr      ########..   38%         8    ####...
c - Sticky Flame          Conj/Fire      ########     1%          4    None
d - Fireball              Conj/Fire      ########..   1%          5    None
e - Apportation           Tloc           #######...   1%          1    None
g - Blink                 Tloc           N/A          1%          2    None
h - Summon Butterflies    Summ           ######..     1%          1    None
i - Freezing Cloud        Conj/Ice/Air   #######...   4%          6    None
j - Orb of Destruction    Conj           ########..   1%          7    None
k - Repel Missiles        Chrm/Air       ######       1%          2    None
l - Delayed Fireball      Conj/Fire      N/A          1%          7    None
m - Control Teleport      Chrm/Tloc      #######...   1%          4    None
n - Haste                 Chrm           #######.     13%         6    None
o - Controlled Blink      Tloc           N/A          13%         7    None


Dungeon Overview and Level Annotations

Branches:
Dungeon (16/16)            Temple (1/1) D:4             Orc (4/4) D:9
    Elf (3/3) Orc:3          Lair (8/8) D:9          Shoals (5/5) Lair:6
 Spider (5/5) Lair:4        Slime (0/6) Lair:7       Vaults (5/5) D:15
  Blade (0/1) Vaults:4     Depths (6/6) D:16
  Crypt: Vaults:2-3     Zot: Depths:6    Forest: Vaults:2-3

Altars:
Ashenzari
Cheibriados
Dithmenos
Elyvilon
Fedhas
Kikubaaqudgha
Makhleb
Nemelex Xobeh
Okawaru
Sif Muna
Trog
Xom
Yredelemnul
Zin
Beogh

Shops:
D:5 /   D:7 [   D:8 *   Orc:3 :/%   Orc:4 *!:=   Vaults:3 *!(:   Vaults:5 !!?
Depths:1 %

Portals:
Hell: Depths:3 Depths:6
Pandemonium: Depths:3 Depths:4
Ziggurat: Depths:2
Labyrinth: Orc:3

Annotations:
Orc:3 NECRO
Orc:4 EVEN CHEAPER NECRO
Spider:3 1 exclusion
Vaults:3 CRYPT


Innate Abilities, Weirdness & Mutations

You have a pair of small horns on your head.*
You have sharp toenails.*
You are partially covered in rough black scales (AC +4, Dex -1).*
You are somewhat resistant to further mutation.
You are weak. (Str -2)
Your spells are a little harder to cast, but a little more powerful.


Message History

Okay, then.
Drink which item? (? for menu, Esc to quit)
Okay, then.
Evoke which item? (* to show all) (? for menu, Esc to quit)
Okay, then.
Drink which item? (? for menu, Esc to quit)
You feel much better.
The necromancer is engulfed in freezing vapours.
You block the ettin's attack.
The ettin hits you with a glowing dire flail!
* * * LOW HITPOINT WARNING * * *
Unknown command.
Drink which item? (? for menu, Esc to quit)
You feel much better.
The necromancer is engulfed in freezing vapours.
Reactivating autopickup.
You feel a bit more experienced.
The necromancer is engulfed in freezing vapours.
The ettin hits you with a runed dire flail!
You die...

### ###.# .#.# #
..# .#$###.#.#
.....%..@#
.#.#.#N#C## #
#.#.#@@. .#.
...§@§. @# ....
..#@###..#
.....#.§§§)....
......N..§....@#.
#.>...@....
#.....#..#.


You could see an ettin, 2 hell knights, 2 necromancers and a naga.

Vanquished Creatures
  An ancient lich (WizLab)
  Saint Roka (Depths:2)
  A golden dragon (Vaults:5)
  A bone dragon (Depths:1)
  Nikola (Spider:5)
  Arachne (Spider:5)
  6 tentacled monstrosities
  Asterion (Elf:3)
  A deep elf master archer (Elf:3)
  A deep elf blademaster (Elf:3)
  A lich (Vaults:5)
  A titan (Depths:4)
  Polyphemus (Shoals:3)
  2 krakens
  3 sphinxes
  8 tengu reavers
  5 shadow dragons
  3 ancient champions
  Kirke (Spider:3)
  Ilsuiw (Shoals:5)
  5 fire giants
  Donald (Spider:5)
  Wiglaf (Spider:3)
  3 frost giants
  9 deep elf sorcerers (Elf:3)
  An orc warlord (Elf:2)
  8 vault wardens
  2 emperor scorpions
  An angel (Depths:2)
  Jorgrun (Spider:3)
  42 stone giants
  A vampire knight (Depths:2)
  6 deep elf demonologists
  11 deep elf annihilators (Elf:3)
  2 merfolk javelineers (Shoals:5)
  4 fire dragons
  A spriggan air mage (Depths:4)
  8 merfolk impalers (Shoals:5)
  2 dancing weapons (Vaults:4)
  A green death (Elf:3)
  7 deep elf death magi (Elf:3)
  A minotaur (Lab)
  40 vault guards
  10 ironheart preservers
  A siren (Shoals:5)
  4 deep elf high priests
  7 ettins
  Fannar (Lair:5)
  3 ice dragons
  5 merfolk aquamancers (Shoals:5)
  20 yaktaur captains
  Harold (Orc:4)
  2 naga warriors (Depths:3)
  Nessos (D:11)
  A ravenous item mimic (Vaults:5)
  An alligator snapping turtle (Shoals:5)
  12 hydras
  Erica (Lair:5)
  7 ogre magi
  4 deep troll shamans
  2 satyrs
  2 spriggan berserkers
  17 death yaks
  3 spectral elves (Elf:3)
  4 tengu warriors
  3 deep troll earth magi
  3 orc high priests
  Urug (D:14)
  A dryad (shapeshifter) (Vaults:4)
  14 very ugly things
  3 catoblepae
  20 centaur warriors
  An unseen horror (D:13)
  6 skeletal warriors
  3 iron trolls
  7 deep elf knights
  8 deep elf summoners
  A deep troll (shapeshifter) (Vaults:5)
  8 sea snakes
  13 hell knights
  11 orb spiders
  2 water nymphs (Shoals:5)
  23 wolf spiders
  10 deep elf conjurers
  17 orc knights
  6 harpies
  14 ironbrand convokers
  22 deep trolls
  11 orc sorcerers
  7 hill giants
  An unseen horror (shapeshifter) (Depths:2)
  Joseph (Orc:2)
  A wizard (Depths:2)
  3 giant amoebae
  6 necromancers
  A mana viper (shapeshifter) (Vaults:5)
  6 griffons
  A griffon (shapeshifter) (Vaults:5)
  4 red wasps
  5 cyclopes
  The ghost of BlessedChild the Archer, an experienced CeHu (D:6)
  3 phantasmal warriors (Vaults:5)
  A salamander (Depths:3)
  2 elephants (Lair:7)
  A sixfirhy (Elf:3)
  A spiny worm (Vaults:2)
  A red wasp (shapeshifter) (Vaults:1)
  3 manticores (Shoals:5)
  11 vault sentinels
  An elephant (shapeshifter) (Depths:6)
  A black mamba (Lair:1)
  3 spiny frogs
  An octopode (Shoals:5)
  17 fauns
  2 tengu conjurers
  Psyche (Orc:2)
  3 naga magi
  A spiny frog (shapeshifter) (Depths:3)
  56 yaktaurs
  2 fauns (shapeshifter)
  A small abomination (Elf:3)
  An elf (shapeshifter) (Vaults:2)
  18 demonic crawlers
  10 komodo dragons
  4 fire drakes
  A feature mimic (Orc:4)
  4 deep elf priests
  5 mermaids
  18 merfolk
  A formicid venom mage (Spider:3)
  20 jumping spiders
  A spriggan (shapeshifter) (Elf:1)
  An iron devil (Depths:3)
  2 wind drakes
  2 freezing wraiths (Vaults:4)
  7 two-headed ogres
  5 polar bears (Lair:8)
  3 spriggans
  12 ravens
  8 boulder beetles
  5 trolls
  27 slime creatures
  A slime creature (shapeshifter) (Vaults:5)
  14 blink frogs
  9 grizzly bears (Lair:8)
  15 deep elf magi
  4 snapping turtles
  5 basilisks
  2 shadows
  5 trapdoor spiders
  3 brown oozes (Lair:7)
  A basilisk (shapeshifter) (Depths:4)
  A water elemental (Shoals:4)
  47 redbacks
  45 ugly things
  2 tarantellas (shapeshifter)
  A ynoxinul (Elf:3)
  An elephant slug (Lair:8)
  A shark (Shoals:5)
  11 yaks
  6 vampires
  3 steam dragons
  19 tarantellas
  A wandering mushroom (Lair:7)
  2 hogs (Spider:3)
  3 wyverns
  2 humans (Spider:3)
  4 vampire mosquitoes
  A yak (shapeshifter) (Depths:1)
  5 nagas
  7 hippogriffs
  A chaos spawn (Elf:3)
  20 wolves
  16 deep elf fighters
  A mottled dragon (shapeshifter) (Elf:2)
  4 hell hounds (Lair:8)
  5 mottled dragons
  4 necrophages (D:15)
  A soldier ant (D:12)
  55 orc warriors
  Purgy (D:3)
  3 sky beasts
  3 swamp drakes
  2 ice beasts (Lair:5)
  10 black bears
  5 porcupines
  2 boring beetles
  34 centaurs
  2 yellow wasps
  8 crocodiles
  6 giant frogs
  34 ogres
  2 rotting devils (D:15)
  A lost soul (Elf:3)
  10 wargs
  3 big kobolds
  A brain worm (D:15)
  6 agate snails
  8 water moccasins
  6 troll zombies (WizLab)
  4 jellyfish
  3 electric eels
  An oklob sapling (D:4)
  11 killer bees (D:12)
  A crimson imp (D:11)
  7 goliath beetles
  14 spiders
  23 wights
  A quasit (D:10)
  A big fish (Spider:3)
  2 centaur skeletons
  18 hounds
  49 orc wizards
  2 jellies (D:6)
  6 iron imps
  18 orc priests
  3 orange rats
  7 iguanas
  5 scorpions
  20 sheep
  11 worker ants
  5 ogre zombies (WizLab)
  A brain worm zombie (D:12)
  3 boggarts (Depths:3)
  Terence (D:2)
  17 adders
  A mottled dragon simulacrum (D:15)
  3 giant centipedes
  9 green rats
  A white imp (Depths:3)
  A worm (D:7)
  2 giant mites
  2 orc zombies
  21 grey rats
  An iguana zombie (D:9)
  5 giant geckos
  189 orcs
  5 ball pythons (Sewer)
  5 giant cockroaches
  11 goblins
  10 hobgoblins
  9 jackals
  8 quokkas
  22 bats
  A giant cockroach zombie (D:5)
  A giant gecko skeleton (D:9)
  4 giant newts
  A giant spore (D:6)
  A hobgoblin skeleton (D:7)
  29 kobolds
  2 orc skeletons
  20 rats
  A rat zombie (D:6)
  4 ballistomycetes (D:7)
  A crawling corpse (Elf:3)
  2 fungi (Lair:8)
  9 plants
  3 tentacles
  A tentacle segment (Shoals:4)
1914 creatures vanquished.

Vanquished Creatures (collateral kills)
  A centaur warrior (Depths:1)
  A troll (D:11)
  A hound (D:11)
3 creatures vanquished.

Vanquished Creatures (others)
  A tarantella (Spider:3)
  An air elemental (Shoals:5)
  A deep elf fighter (Elf:3)
  A jellyfish (Spider:3)
  An orc (Orc:2)
  A giant spore (D:7)
  A jackal (D:7)
  A crawling corpse (Elf:3)
  A fungus (Lair:7)
  7 plants
  5 tentacles
  13 tentacle segments (Shoals:4)
34 creatures vanquished.

Grand Total: 1951 creatures vanquished

Notes
Turn   | Place    | Note
--------------------------------------------------------------
     0 | D:1      | 4tharraofdagon, the High Elf Fire Elementalist, began the quest for the Orb.
     0 | D:1      | Reached XP level 1. HP: 11/11 MP: 4/4
   148 | D:1      | Reached XP level 2. HP: 17/17 MP: 0/6
   315 | D:2      | Noticed Terence
   405 | D:3      | Noticed Purgy
   430 | D:2      | Killed Terence
   430 | D:2      | Reached XP level 3. HP: 11/21 MP: 6/8
   435 | D:2      | Learned a level 3 spell: Conjure Flame
   630 | D:3      | Killed Purgy
   630 | D:3      | Reached skill level 4 in Fire Magic
   630 | D:3      | Reached XP level 4. HP: 15/27 MP: 4/12
   645 | D:3      | Learned a level 4 spell: Sticky Flame
   771 | D:4      | Reached XP level 5. HP: 27/31 MP: 12/14
   826 | D:4      | Found an iron altar of Okawaru.
   839 | D:5      | Entered Level 5 of the Dungeon
  1050 | D:7      | Noticed a hippogriff
  1059 | D:7      | Killed a hippogriff
  1059 | D:7      | Reached skill level 1 in Fighting
  1059 | D:7      | Reached XP level 6. HP: 8/39 MP: 1/17
  1171 | D:7      | Paralysed by a potion of paralysis for 6 turns
  1308 | D:7      | Reached skill level 5 in Fire Magic
  1329 | D:7      | Noticed a sky beast
  1345 | D:7      | Killed a sky beast
  1368 | D:7      | Learned a level 5 spell: Fireball
  1482 | D:7      | Noticed a centaur
  1488 | D:7      | Killed a centaur
  1488 | D:7      | Reached XP level 7. HP: 23/45 MP: 15/20
  1519 | D:7      | Found Twuecs' Antique Armour Shoppe.
  1527 | D:7      | Bought an embroidered robe for 19 gold pieces
  1527 | D:7      | Bought a runed orcish cloak for 22 gold pieces
  1859 | D:5      | Found a glowing drain.
  1901 | Sewer    | Entered a sewer
  2017 | Sewer    | Reached skill level 5 in Conjurations
  2259 | Sewer    | Reached skill level 6 in Fire Magic
  2345 | D:5      | Found Yghat's Magical Wand Boutique.
  2554 | D:4      | Reached XP level 8. HP: 49/54 MP: 13/22
  2675 | D:4      | Found a staircase to the Ecumenical Temple.
  2699 | Temple   | Entered the Ecumenical Temple
  2741 | Temple   | Became a worshipper of Sif Muna the Loreminder
  2824 | D:5      | Gained mutation: You are weak. (Str -2) [potion of mutation]
  2824 | D:5      | Gained mutation: You are partially covered in rough black scales (AC +4, Dex -1). [potion of mutation]
  2824 | D:5      | Gained mutation: You are somewhat resistant to further mutation. [potion of mutation]
  2857 | D:6      | Noticed BlessedChild's ghost (experienced CeHu)
  2861 | D:6      | Killed BlessedChild's ghost
  2861 | D:6      | Reached skill level 5 in Spellcasting
  3017 | D:7      | Bought a slimy hat for 210 gold pieces
  3021 | D:7      | Identified the +1 hat "Qeicry" {Str+5 Dex+4 Int+1} (You bought it in a shop on level 7 of the Dungeon)
  3088 | D:8      | Learned a level 1 spell: Apportation
  3146 | D:8      | Acquired Sif Muna's first power
  3177 | D:8      | Reached skill level 1 in Translocations
  3177 | D:8      | Reached skill level 7 in Fire Magic
  3273 | D:8      | Noticed a wyvern
  3282 | D:8      | Killed a wyvern
  3282 | D:8      | Reached skill level 5 in Fighting
  3282 | D:8      | Reached skill level 1 in Invocations
  3298 | D:9      | Found a shattered altar of Ashenzari.
  3347 | D:9      | Reached XP level 9. HP: 56/61 MP: 10/24
  3501 | D:8      | Found Someyw's General Store.
  3547 | D:9      | Acquired Sif Muna's second power
  3606 | D:9      | Identified Olgreb's Incunabulum of Toxins and Changing
  3612 | D:9      | Learned a level 2 spell: Cure Poison
  3615 | D:9      | Learned a level 2 spell: Blink
  3617 | D:9      | Learned a level 1 spell: Summon Butterflies
  3766 | D:9      | Reached skill level 8 in Fire Magic
  3782 | D:9      | Noticed a catoblepas
  3886 | D:9      | Reached skill level 5 in Invocations
  3975 | D:9      | Reached XP level 10. HP: 35/66 MP: 5/27
  4032 | D:9      | Gained mutation: You have a pair of small horns on your head. [potion of mutation]
  4032 | D:9      | Gained mutation: You have sharp toenails. [potion of mutation]
  4083 | D:9      | Found a staircase to the Lair.
  4139 | D:9      | Killed a catoblepas
  4165 | D:9      | Found a blossoming altar of Fedhas.
  4206 | Lair:1   | Entered Level 1 of the Lair of Beasts
  4258 | Lair:1   | Noticed a black mamba
  4266 | Lair:1   | Killed a black mamba
  4531 | Lair:3   | Gained mutation: Your spells are a little harder to cast, but a little more powerful. [potion of mutation]
  4762 | Lair:4   | Acquired Sif Muna's third power
  4777 | Lair:4   | Reached skill level 9 in Conjurations
  4945 | Lair:4   | Reached XP level 11. HP: 50/71 MP: 24/29
  5144 | Lair:5   | Noticed Fannar
  5149 | Lair:5   | Killed Fannar
  5160 | Lair:5   | Found an ancient bone altar of Kikubaaqudgha.
  5162 | Lair:5   | Noticed Erica
  5169 | Lair:5   | Killed Erica
  5169 | Lair:5   | Reached skill level 10 in Conjurations
  5260 | Lair:6   | Noticed a catoblepas
  5264 | Lair:6   | Killed a catoblepas
  5264 | Lair:6   | Reached skill level 1 in Shields
  5264 | Lair:6   | Reached skill level 10 in Fire Magic
  5395 | Lair:6   | Noticed a four-headed hydra
  5405 | Lair:6   | Killed a four-headed hydra
  5454 | Lair:6   | Found a staircase to the Shoals.
  5736 | Lair:7   | Reached skill level 11 in Conjurations
  5739 | Lair:7   | Got a shimmering leather armour
  5746 | Lair:7   | Identified the +2 leather armour of Freedom {Acc+5} (You found it on level 7 of the Lair of Beasts)
  5771 | Lair:7   | Found a staircase to the Slime Pits.
  5782 | Lair:7   | Noticed a giant amoeba
  5786 | Lair:7   | Killed a giant amoeba
  5787 | Lair:7   | Reached XP level 12. HP: 69/77 MP: 6/31
  5928 | Lair:8   | Entered Level 8 of the Lair of Beasts
  5942 | Lair:8   | Received a gift from Sif Muna
  5952 | Lair:8   | Identified Iskenderun's Reference Book on Arcane Weapons and the Volcanoes (Sif Muna gifted it to you on level 8 of the Lair of Beasts)
  5975 | Lair:8   | Learned a level 6 spell: Bolt of Fire
  6058 | Lair:8   | Reached skill level 5 in Shields
  6118 | Lair:8   | Reached skill level 12 in Conjurations
  6405 | Lair:8   | Reached skill level 10 in Spellcasting
  6408 | Lair:8   | Received a gift from Sif Muna
  6492 | Lair:8   | Noticed a five-headed hydra
  6496 | Lair:8   | Killed a five-headed hydra
  6747 | Lair:8   | Reached XP level 13. HP: 70/81 MP: 16/33
  6765 | Lair:8   | Learned a level 7 spell: Orb of Destruction
  6777 | Lair:8   | Noticed a fire dragon
  6815 | Lair:8   | Killed a fire dragon
  7074 | Lair:8   | Reached skill level 13 in Conjurations
  7427 | Lair:7   | Received a gift from Sif Muna
  7428 | Lair:7   | Identified Sif Muna's Guide on Spatial Combat Magic (Sif Muna gifted it to you on level 7 of the Lair of Beasts)
  7607 | Lair:5   | Noticed a death yak
  7621 | Lair:5   | Killed a death yak
  7642 | Lair:5   | Noticed a death yak
  7643 | Lair:5   | Noticed a death yak
  7646 | Lair:5   | Killed a death yak
  7646 | Lair:5   | Killed a death yak
  7648 | Lair:5   | Noticed a death yak
  7648 | Lair:5   | Noticed a death yak
  7654 | Lair:5   | Killed a death yak
  7654 | Lair:5   | Killed a death yak
  7963 | D:9      | Found a staircase to the Orcish Mines.
  7982 | Orc:1    | Entered Level 1 of the Orcish Mines
  7993 | Orc:1    | Found a deep blue altar of Sif Muna.
  8098 | Orc:2    | Reached skill level 14 in Conjurations
  8156 | Orc:2    | Noticed Psyche
  8159 | Orc:2    | Noticed Joseph
  8296 | Orc:3    | Found Kleifesa's Book Emporium.
  8309 | Orc:3    | Found Ryarph's Magical Wand Emporium.
  8317 | Orc:3    | Bought a wand of teleportation (3) for 294 gold pieces
  8471 | Orc:4    | Entered Level 4 of the Orcish Mines
  8471 | Orc:4    | Found a labyrinth entrance.
  8562 | Lab      | Entered a labyrinth
  8649 | Lab      | Got a heavily runed buckler
  8649 | Lab      | Identified the Volume of Execration and Poisoning (You found it in a labyrinth)
  8655 | Lab      | Learned a level 2 spell: Repel Missiles
  8674 | Lab      | Identified the cursed -3 buckler of Rikyemn {rF+ Int+2 Acc-3 Dam-6} (You found it in a labyrinth)
  8675 | Lab      | Got a smoking trident
  8676 | Lab      | Identified the cursed +2,+1 trident "Boysk" {pierce, MR++ Int+3} (You found it in a labyrinth)
  8739 | Orc:4    | Noticed a stone giant
  8752 | Orc:4    | Killed a stone giant
  8893 | Orc:4    | Reached skill level 1 in Air Magic
  8893 | Orc:4    | Reached XP level 14. HP: 83/88 MP: 20/35
  8938 | Orc:4    | Found Khum's Jewellery Boutique.
  8938 | Orc:4    | Found Lenash's Book Shoppe.
  8943 | Orc:4    | Bought a cursed ring of hunger for 28 gold pieces
  8965 | Orc:4    | Found a roughly hewn altar of Beogh.
  8966 | Orc:4    | Received a gift from Sif Muna
  8968 | Orc:4    | Identified Nedorghel's Compendium of Arcane Weapons (Sif Muna gifted it to you on level 4 of the Orcish Mines)
  9037 | Orc:4    | Noticed Harold
  9041 | Orc:4    | Killed Harold
  9113 | Orc:4    | Found Afion's Assorted Antiques.
  9113 | Orc:4    | Found Checulac's Distillery.
  9148 | Orc:4    | Bought a potion of brilliance for 30 gold pieces
  9148 | Orc:4    | Bought a potion of degeneration for 24 gold pieces
  9160 | Orc:4    | Bought a metal-bound manual for 570 gold pieces
  9193 | Orc:4    | Bought a +5 ring of intelligence for 576 gold pieces
  9299 | Orc:3    | Found a staircase to the Elven Halls.
  9356 | Orc:3    | Found Uheliz's Food Shop.
  9364 | Orc:3    | Bought a bread ration for 40 gold pieces
  9364 | Orc:3    | Bought a bread ration for 40 gold pieces
  9364 | Orc:3    | Bought a bread ration for 40 gold pieces
  9364 | Orc:3    | Bought a bread ration for 40 gold pieces
  9364 | Orc:3    | Bought a bread ration for 40 gold pieces
  9364 | Orc:3    | Bought a bread ration for 40 gold pieces
  9379 | Orc:4    | Learned a level 3 spell: Regeneration
  9410 | Orc:3    | Learned a level 6 spell: Freezing Cloud
  9419 | Elf:1    | Entered Level 1 of the Elven Halls
  9517 | Elf:2    | Noticed an orc warlord
  9800 | Elf:2    | Reached skill level 15 in Conjurations
  9939 | Elf:2    | Killed an orc warlord
  9939 | Elf:2    | Received a gift from Sif Muna
 10080 | Elf:3    | Entered Level 3 of the Elven Halls
 10140 | Elf:3    | Noticed a deep elf sorcerer
 10143 | Elf:3    | Killed a deep elf sorcerer
 10147 | Elf:3    | Noticed a deep elf sorcerer
 10154 | Elf:3    | Killed a deep elf sorcerer
 10204 | Elf:3    | Noticed a deep elf sorcerer
 10211 | Elf:3    | Killed a deep elf sorcerer
 10214 | Elf:3    | Killed a deep elf sorcerer
 10214 | Elf:3    | Reached XP level 15. HP: 50/92 MP: 12/36
 10237 | Elf:3    | Noticed a deep elf sorcerer
 10239 | Elf:3    | Reached skill level 15 in Fire Magic
 10240 | Elf:3    | Killed a deep elf sorcerer
 10240 | Elf:3    | Reached skill level 16 in Conjurations
 10252 | Elf:3    | Noticed a deep elf sorcerer
 10253 | Elf:3    | Noticed a deep elf blademaster
 10254 | Elf:3    | Received a gift from Sif Muna
 10258 | Elf:3    | Noticed a deep elf sorcerer
 10263 | Elf:3    | Killed a deep elf blademaster
 10302 | Elf:3    | Killed a deep elf sorcerer
 10304 | Elf:3    | Killed a deep elf sorcerer
 10310 | Elf:3    | Noticed a deep elf sorcerer
 10311 | Elf:3    | Identified Sif Muna's Incunabulum of Damage Dealing (Sif Muna gifted it to you on level 3 of the Elven Halls)
 10311 | Elf:3    | Killed a deep elf sorcerer
 10322 | Elf:3    | Learned a level 7 spell: Delayed Fireball
 10371 | Elf:3    | Noticed Asterion
 10377 | Elf:3    | Noticed a spectral weapon
 10383 | Elf:3    | Received a gift from Sif Muna
 10383 | Elf:3    | Killed Asterion
 10424 | Elf:3    | Noticed a deep elf master archer
 10435 | Elf:3    | Killed a deep elf master archer
 10435 | Elf:3    | Reached skill level 17 in Conjurations
 10454 | Elf:3    | Identified Sif Muna's Guide on Burning Battle Magic (Sif Muna gifted it to you on level 3 of the Elven Halls)
 10491 | Elf:3    | Noticed a deep elf sorcerer
 10496 | Elf:3    | Killed a deep elf sorcerer
 10587 | Elf:3    | Identified Hiexo's Incunabulum of Enhancements and the Frostbite
 10606 | Elf:3    | Got a heavy robe
 10643 | Elf:3    | Reached XP level 16. HP: 90/98 MP: 7/38
 10680 | Elf:3    | Identified the Handbook of Companions and the Voyage
 10690 | Elf:3    | Got a wavering turquoise ring
 10704 | Elf:3    | Identified the ring of Immorality {rPois rF+ Acc+1} (You found it on level 3 of the Elven Halls)
 10704 | Elf:3    | Identified the cursed -4 robe "Dyowuv" {Str+4 Dex+3} (You found it on level 3 of the Elven Halls)
 10706 | Elf:3    | Got a warped trident
 10707 | Elf:3    | Identified the +1,+7 trident of Twosus {venom, Str+2 Dex+4} (You found it on level 3 of the Elven Halls)
 10951 | Orc:2    | Killed Psyche
 10959 | Orc:2    | Killed Joseph
 11000 | Orc:2    | Found a bloodstained altar of Trog.
 11127 | Orc:1    | Found a shimmering altar of Xom.
 11246 | Orc:4    | Bought a Necronomicon for 1324 gold pieces
 11627 | Shoals:1 | Entered Level 1 of the Shoals
 11631 | Shoals:1 | Got a transparent sapphire amulet
 11675 | Shoals:1 | Identified the amulet "Kusizxacru" {Inacc -Tele Dex+2 Dam+6} (You found it on level 1 of the Shoals)
 11758 | Shoals:2 | Received a gift from Sif Muna
 12114 | Shoals:5 | Entered Level 5 of the Shoals
 12427 | Shoals:4 | Reached skill level 18 in Conjurations
 12521 | Shoals:5 | Noticed Ilsuiw
 12524 | Shoals:5 | Killed Ilsuiw
 12554 | Shoals:5 | Received a gift from Sif Muna
 12555 | Shoals:5 | Identified Shyts' Incunabulum of Doomed Attacks (Sif Muna gifted it to you on level 5 of the Shoals)
 12729 | Shoals:5 | Got a transparent lead ring
 12878 | Shoals:5 | Got a barnacled rune of Zot
 13000 | Shoals:3 | Noticed Polyphemus
 13018 | Shoals:3 | Killed Polyphemus
 13024 | Shoals:3 | Reached XP level 17. HP: 46/103 MP: 3/39
 13325 | Lair:4   | Noticed a wolf spider
 13330 | Lair:4   | Killed a wolf spider
 13331 | Lair:4   | Found a hole to the Spider Nest.
 13362 | Spider:1 | Entered Level 1 of the Spider Nest
 13424 | Lair:4   | Received a gift from Sif Muna
 13425 | Lair:4   | Identified Sif Muna's Tome of Conjuration (Sif Muna gifted it to you on level 4 of the Lair of Beasts)
 13541 | Spider:1 | Identified the ring "Zohysoug" {Wiz Str+2 Stlth+} (You took it off a merfolk on level 5 of the Shoals)
 13804 | Spider:2 | Reached skill level 19 in Conjurations
 13930 | Spider:2 | Reached skill level 15 in Spellcasting
 14031 | Spider:3 | Noticed Wiglaf
 14037 | Spider:3 | Killed Wiglaf
 14274 | Spider:3 | Identified a scroll of acquirement
 14275 | Spider:3 | Identified the Almanac of Conjuration (You acquired it on level 3 of the Spider Nest)
 14288 | Spider:3 | Noticed Kirke
 14291 | Spider:3 | Killed Kirke
 14362 | Spider:3 | Noticed Jorgrun
 14369 | Spider:3 | Killed Jorgrun
 14369 | Spider:3 | Received a gift from Sif Muna
 14524 | Spider:5 | Entered Level 5 of the Spider Nest
 14825 | Spider:5 | Noticed Donald
 14830 | Spider:5 | Killed Donald
 14831 | Spider:5 | Noticed Arachne
 14961 | Spider:5 | Killed Arachne
 15159 | Spider:5 | Reached XP level 18. HP: 108/108 MP: 1/40
 15336 | Spider:5 | Reached skill level 1 in Necromancy
 15340 | Spider:5 | Noticed Nikola
 15351 | Spider:5 | Killed Nikola
 16025 | D:10     | Entered Level 10 of the Dungeon
 16150 | D:11     | Found a flagged portal.
 16153 | D:11     | Noticed Nessos
 16158 | D:11     | Killed Nessos
 16172 | Bailey   | Entered a bailey
 16279 | Bailey   | Identified a +2 orcish cloak of preservation (You found it in a bailey)
 16289 | Bailey   | Got a steaming crystal plate armour
 16290 | Bailey   | Identified the +12 crystal plate armour of the Engineer {+Rage} (You found it in a bailey)
 16467 | D:12     | Got a brightly glowing leather armour
 16468 | D:12     | Identified the +1 leather armour of the Engineer {Dex-4 Int+1} (You found it on level 12 of the Dungeon)
 16518 | D:13     | Got a smoking amber ring
 16534 | D:13     | Identified the ring of Xom's Malicious Joy {Hunger- rC+} (You found it on level 13 of the Dungeon)
 16594 | D:13     | Received a gift from Sif Muna
 16751 | D:14     | Noticed Urug
 16755 | D:14     | Killed Urug
 16852 | D:15     | Entered Level 15 of the Dungeon
 17058 | D:15     | Found a gate to the Vaults.
 17067 | D:15     | Reached skill level 20 in Conjurations
 17121 | D:16     | Entered Level 16 of the Dungeon
 17149 | Vaults:1 | Entered Level 1 of the Vaults
 17526 | Vaults:1 | Learned a level 4 spell: Control Teleport
 17541 | Vaults:1 | Reached skill level 5 in Necromancy
 17672 | Vaults:2 | Received a gift from Sif Muna
 18039 | Vaults:3 | Found Yhajaaga's Distillery.
 18049 | Vaults:3 | Found Mole's Antique Weapon Boutique.
 18052 | Vaults:3 | Bought a potion of brilliance for 40 gold pieces
 18052 | Vaults:3 | Bought a potion of heal wounds for 48 gold pieces
 18052 | Vaults:3 | Bought a potion of heal wounds for 48 gold pieces
 18081 | Vaults:3 | Found Idwe's General Store.
 18203 | Vaults:3 | Found a magical portal.
 18216 | WizLab   | Entered a wizard's laboratory
 18422 | WizLab   | Noticed an antique lich
 18424 | WizLab   | Killed an antique lich
 18424 | WizLab   | Reached XP level 19. HP: 113/113 MP: 32/41
 18498 | Vaults:3 | Learned a level 6 spell: Haste
 18735 | Vaults:3 | Found Khixzim's Book Boutique.
 18931 | Vaults:4 | Received a gift from Sif Muna
 18933 | Vaults:4 | Identified Sif Muna's Reference Book on Confrontation and the Blaze (Sif Muna gifted it to you on level 4 of the Vaults)
 19533 | Vaults:4 | Received a gift from Sif Muna
 19620 | Vaults:4 | Reached skill level 21 in Conjurations
 19779 | Vaults:4 | Reached skill level 1 in Charms
 20128 | Vaults:4 | Found a staircase to the Hall of Blades.
 20130 | Vaults:4 | Reached skill level 5 in Charms
 20263 | Vaults:5 | Entered Level 5 of the Vaults
 20288 | Vaults:5 | Received a gift from Sif Muna
 20290 | Vaults:5 | Reached XP level 20. HP: 98/119 MP: 2/42
 20451 | Vaults:5 | Reached skill level 5 in Translocations
 20691 | Vaults:5 | Received a gift from Sif Muna
 20692 | Vaults:5 | Identified Sif Muna's Catalogue of Conjuration (Sif Muna gifted it to you on level 5 of the Vaults)
 21012 | Vaults:5 | Reached skill level 10 in Necromancy
 21014 | Vaults:5 | Noticed a golden dragon
 21020 | Vaults:5 | Killed a golden dragon
 21247 | Vaults:5 | Received a gift from Sif Muna
 21270 | Vaults:5 | Identified Sif Muna's Incunabulum of Burning Confrontation (Sif Muna gifted it to you on level 5 of the Vaults)
 21371 | Vaults:5 | Got a glittering amber ring
 21378 | Vaults:5 | Got a shimmering short sword
 21385 | Vaults:5 | Got a crystal dagger
 21401 | Vaults:5 | Identified the ring of the Open Hand {rPois rF+ rC++} (You found it on level 5 of the Vaults)
 21403 | Vaults:5 | Identified the +7,+7 dagger "Jellyslayer" {vamp, Str+2} (You found it on level 5 of the Vaults)
 21403 | Vaults:5 | Identified the +4,+10 short sword of Linearity {vamp, SInv} (You found it on level 5 of the Vaults)
 21697 | Vaults:5 | Reached XP level 21. HP: 124/124 MP: 26/44
 21907 | Vaults:5 | Got a silver rune of Zot
 21971 | Vaults:5 | Found Aceedy's Magic Scroll Boutique.
 21978 | Vaults:5 | Found Azaat's Distillery.
 21978 | Vaults:5 | Found Bliputad's Distillery.
 21983 | Vaults:5 | Bought a potion of heal wounds for 66 gold pieces
 21983 | Vaults:5 | Bought a potion of resistance for 154 gold pieces
 21983 | Vaults:5 | Bought a potion of beneficial mutation for 770 gold pieces
 21992 | Vaults:5 | Bought a potion of heal wounds for 54 gold pieces
 21992 | Vaults:5 | Bought a potion of heal wounds for 54 gold pieces
 21992 | Vaults:5 | Bought a potion of heal wounds for 54 gold pieces
 21992 | Vaults:5 | Bought a potion of heal wounds for 54 gold pieces
 22004 | Vaults:5 | Bought a scroll of teleportation for 39 gold pieces
 22004 | Vaults:5 | Bought a scroll of teleportation for 39 gold pieces
 22089 | Vaults:4 | Learned a level 7 spell: Controlled Blink
 22451 | D:16     | Received a gift from Sif Muna
 22452 | D:16     | Identified Sif Muna's Papyrus of Feathers (Sif Muna gifted it to you on level 16 of the Dungeon)
 22672 | D:16     | Found a staircase to the Depths.
 22692 | Depths:1 | Entered Level 1 of the Depths
 22862 | Depths:1 | Found Ujur's Food Emporium.
 23015 | Depths:2 | Noticed Saint Roka
 23021 | Depths:2 | Killed Saint Roka
 23094 | Depths:2 | Found a gateway to a ziggurat.
 23281 | Depths:3 | Found a gateway to Hell.
 23371 | Depths:3 | Learned a level 8 spell: Necromutation
 23386 | Depths:3 | Received a gift from Sif Muna
 23387 | Depths:3 | Identified Sif Muna's Tome of Boosts and Cold (Sif Muna gifted it to you on level 3 of the Depths)
 23396 | Depths:3 | Reached skill level 1 in Transmutations
 23510 | Depths:3 | Found a one-way gate leading to the halls of Pandemonium.
 23626 | Depths:4 | Identified the Reference Book on the Voyage
 23766 | Depths:4 | Reached skill level 5 in Transmutations
 23970 | Depths:3 | Reached XP level 22. HP: 105/129 MP: 29/45
 24245 | Depths:3 | Received a gift from Sif Muna
 24246 | Depths:3 | Identified Sif Muna's Papyrus of Transformation (Sif Muna gifted it to you on level 3 of the Depths)
 24538 | Depths:4 | Found a shattered altar of Ashenzari.
 24655 | Depths:6 | Entered Level 6 of the Depths
 24685 | Depths:6 | Reached skill level 10 in Transmutations
 24884 | Depths:6 | Received a gift from Sif Muna
 25039 | Depths:5 | Slain by an ettin

Action                   |  1- 3 |  4- 6 |  7- 9 | 10-12 | 13-15 | 16-18 | 19-21 | 22-24 || total
-------------------------+-------+-------+-------+-------+-------+-------+-------+-------++-------
Melee: Unarmed           |     1 |       |       |       |       |    11 |       |       ||    12
       Halberd           |    15 |    25 |       |       |       |       |       |       ||    40
       Short sword       |     5 |       |       |       |       |       |       |       ||     5
       Morningstar       |       |     4 |   179 |    59 |   131 |       |       |       ||   373
       Staff             |       |       |       |     3 |    29 |       |       |       ||    32
       Trident           |       |       |       |       |    72 |    77 |     2 |       ||   151
Throw: Dart              |       |       |     2 |       |       |       |       |       ||     2
 Cast: Flame Tongue      |    22 |    35 |   179 |    39 |     1 |       |       |       ||   276
       Conjure Flame     |     1 |     2 |    20 |    26 |    13 |     1 |     1 |       ||    64
       Sticky Flame      |       |     3 |    39 |    58 |    48 |    63 |    16 |       ||   227
       Fireball          |       |       |     1 |    69 |   144 |   416 |   332 |    38 ||  1000
       Apportation       |       |       |       |    12 |    63 |   156 |    61 |     6 ||   298
       Bolt of Fire      |       |       |       |    12 |    44 |       |       |       ||    56
       Orb of Destructio |       |       |       |       |    26 |    81 |   168 |    65 ||   340
       Blink             |       |       |       |       |     2 |    26 |    10 |    10 ||    48
       Repel Missiles    |       |       |       |       |     2 |     5 |     8 |     1 ||    16
       Freezing Cloud    |       |       |       |       |     8 |     2 |    23 |    12 ||    45
       Delayed Fireball  |       |       |       |       |     3 |    22 |    23 |     7 ||    55
       Control Teleport  |       |       |       |       |       |       |     5 |     1 ||     6
       Regeneration      |       |       |       |       |       |       |     2 |     1 ||     3
       Controlled Blink  |       |       |       |       |       |       |       |     4 ||     4
Invok: Channel Energy    |       |       |    52 |   167 |   364 |   761 |   947 |   220 ||  2511
       Forget Spell      |       |       |       |       |     2 |       |     2 |       ||     4
 Abil: Release Delayed F |       |       |       |       |     2 |    22 |    24 |     7 ||    55
Evoke: Wand              |       |     2 |     1 |     6 |     6 |     9 |     1 |       ||    25
       Fan of gales      |       |       |       |       |       |     1 |       |       ||     1
       Deck              |       |       |       |       |       |     1 |       |       ||     1
       Phial of floods   |       |       |       |       |       |     1 |       |       ||     1
  Use: Potion            |     1 |     2 |     5 |     4 |     3 |     7 |     8 |     4 ||    34
       Scroll            |       |     1 |     8 |    15 |    10 |    31 |    12 |       ||    77
 Stab: Sleeping          |       |     2 |       |     1 |     1 |     2 |       |       ||     6
